 Dungeon Crawl Stone Soup version 0.22-a0-596-gfbd32a6 (webtiles) character file.

239 Gorglomux the Poker (level 6, -4/50 HPs)
             Began as a Merfolk Abyssal Knight on July 5, 2018.
             Was a Believer of Lugonu.
             Slain by a gnoll
             ... wielding a +0 halberd
              (11 damage)
             ... on level 3 of the Dungeon.
             The game lasted 00:07:32 (4914 turns).

Gorglomux the Poker (Merfolk Abyssal Knight)        Turns: 4914, Time: 00:07:34

Health: -4/50      AC:  8    Str: 15    XL:     6   Next: 7%
Magic:  7/7        EV:  8    Int: 11    God:    Lugonu [**....]
Gold:   278        SH:  0    Dex: 13    Spells: 5/5 levels left

rFire    . . .     SeeInvis .   a - +1 spear
rCold    . . .     Gourm    .   (no shield)
rNeg     . . .     Faith    .   q - +0 chain mail
rPois    .         Spirit   .   (no helmet)
rElec    .         Reflect  .   (no cloak)
rCorr    .         Harm     .   (no gloves)
MR       .....                  (no boots)
Stlth    ..........             (no amulet)
HPRegen  0.16/turn              (no ring)
MPRegen  0.10/turn              (no ring)

@: no status effects
A: change form in water, swift swim, stealthy swim
a: Depart the Abyss, Bend Space, Renounce Religion


You were on level 3 of the Dungeon.
You worshipped Lugonu.
Lugonu was pleased with you.
You were hungry.

You visited 1 branch of the dungeon, and saw 4 of its levels.
You visited the Abyss 1 time.

You collected 278 gold pieces.

Inventory:

Hand Weapons
 a - a +1 spear (weapon)
Missiles
 Z - 2 throwing nets (quivered)
Armour
 q - a +0 chain mail (worn)
Scrolls
 e - a scroll of fear {unknown}
 i - 2 scrolls of identify {unknown}
 l - 5 scrolls of teleportation {unknown}
 o - 2 scrolls of noise {unknown}
 r - 2 scrolls of random uselessness {unknown}
 s - 2 scrolls of remove curse {unknown}
 u - a scroll of blinking {unknown}
Potions
 f - 2 potions of lignification {unknown}
 g - 2 potions of haste {unknown}
 j - 2 potions of berserk rage {unknown}
 k - a potion of degeneration {unknown}
 m - 2 potions of heal wounds {unknown}
 n - a potion of flight {unknown}
 p - a potion of cancellation {unknown}
 v - a potion of magic {unknown}
Comestibles
 c - 9 rations


   Skills:
 + Level 4.9 Fighting
 + Level 5.5 Polearms
 - Level 0.6 Armour
 + Level 5.2 Dodging
 + Level 2.0 Invocations


You had 5 spell levels left.
You didn't know any spells.
Your spell library was empty.

Dungeon Overview and Level Annotations

Branches:
Dungeon (4/15)
 Temple: D:4-7

Altars:
Dithmenos
Okawaru
Zin


Message History

You spit the orc like a pig!
The orc is almost dead!
The orc hits butt!
You closely miss the orc!
The orc is almost dead!
The orc hits you!
You perforate the orc like a sieve!
You annihilate the orc!!!
Lugonu roars: ANNIHILATED!
You stick the gnoll but do no damage! The gnoll hits you with a halberd!
You barely miss the gnoll!
The gnoll hits you from afar with a halberd!
The orc priest invokes the aid of Beogh against you!
Beogh smites you!!! * * * don't die
* * * The orc priest miscasts a cantrip!
There is a butt staircase leading up here!
The orc priest looks encouraged for a moment!
The gnoll hits you from afar with a halberd!!! rip

#.#### #.# #.# #.## .....# #.#
#.# ###... #.##.# #.# #.# #.....
#.##.# ### #.# #.######..#..
#.##.###.######.## #........###.
..##.#..#........# ####.##..###.
#.##.#.###.####..# #..###..#..
...)..## ##.###..# ##...##....[
#.>).)o###o...g.@# #...........
####.#g.#.#.####.# ##..##.......
####.#.#[##.# #.# ##..####..._..
...[.#.#.##.# #.###.#..##.......
######.#.##.####.##..#...........
#.>...#.....##..###..##.....
###.##.#######.#.##.###..#..
##### #.##.# #.##...##..###.
...#####.##.# #.###......###.


You could see an orc priest and a gnoll.

Vanquished Creatures
  A slave (D:4)
  An ogre (D:4)
  A hound (D:4)
  A hound zombie (D:3)
  An adder (D:4)
  An ooze (D:1)
  3 worms (D:3)
  4 leopard geckos
  10 orcs
  A ball python (D:2)
  8 bats
  5 giant cockroaches
  6 hobgoblins
  2 jackals (D:2)
  A quokka (D:3)
  3 frilled lizards
  12 goblins
  9 kobolds
  5 rats
75 creatures vanquished.

Vanquished Creatures (others)
  A starspawn tentacle (Abyss:1)
1 creature vanquished.

Grand Total: 76 creatures vanquished

Notes
Turn   | Place    | Note
-------+----------+-------------------------------------------
     0 | Abyss:1  | Gorglomux the Merfolk Abyssal Knight began the quest for the Orb.
     0 | Abyss:1  | Reached XP level 1. HP: 18/18 MP: 2/2
    46 | Abyss:1  | Noticed an ancient zyme
    68 | Abyss:1  | Noticed an iron imp
    73 | Abyss:1  | Noticed a great orb of eyes
    79 | Abyss:1  | Noticed a tentacled starspawn
   111 | D:1      | Escaped the Abyss
   345 | D:1      | Noticed a salamander
   345 | D:1      | Noticed a polar bear
   345 | D:1      | Noticed a wyvern
   572 | D:1      | Reached skill level 3 in Dodging
   582 | D:1      | Reached XP level 2. HP: 6/24 MP: 3/3
   811 | D:1      | Reached * piety under Lugonu
  1237 | D:1      | Reached XP level 3. HP: 30/30 MP: 4/4
  2044 | D:3      | Reached ** piety under Lugonu
  2083 | D:3      | Found a shadowy altar of Dithmenos.
  2126 | D:3      | Noticed an ogre
  2482 | D:3      | Reached XP level 4. HP: 37/37 MP: 5/5
  2979 | D:3      | HP: 1/37 [ogre/giant club (22)]
  3626 | D:3      | Found a glowing silver altar of Zin.
  3931 | D:4      | Reached XP level 5. HP: 32/43 MP: 6/6
  4170 | D:4      | Found an iron altar of Okawaru.
  4171 | D:4      | Noticed an ogre
  4180 | D:4      | Noticed a slave
  4231 | D:4      | Killed an ogre
  4231 | D:4      | Reached XP level 6. HP: 15/50 MP: 7/7
  4486 | D:4      | Killed a slave
  4914 | D:3      | Slain by a gnoll

Vault maps used:
D:1:      onia_arrival_zoo_common
D:3:      zin_treasury, nicolae_dithmenos_shadow_blocks
D:4:      nicolae_overflow_hidden_temple, overflow_temple_1_default,
          serial_shops, nicolae_shop_behind_doors, uniq_pikel
Abyss:1:  hangedman_decor_peaks_small

Skill      XL: |  1  2  3  4  5 |
---------------+----------------+-----
Dodging        | 3 4 5 |  5.2
Polearms       | 4 5 |  5.5
Fighting       | 4 |  4.9
Armour         | |  0.6
Invocations    | |  2.0

Action                   |  1- 3 |  4- 6 || total
-------------------------+-------+-------++-------
Melee: Spear             |   194 |   216 ||   410
Throw: Throwing net      |       |     1 ||     1
Invok: Depart the Abyss  |     1 |       ||     1
       Bend Space        |       |    12 ||    12
 Stab: Sleeping          |     3 |       ||     3
       Held in net/web   |       |     1 ||     1
  Eat: Chunk             |     5 |     7 ||    12
Armor: Leather armour    |    25 |       ||    25
       Chain mail        |    22 |    75 ||    97
Dodge: Dodged            |    94 |    59 ||   153

Table legend:
 A = Spawn XP
 B = Non-spawn XP
 C = Spawn XP percentage of total XP
 D = Spawn monster count
 E = Non-spawn monster count
 F = Spawn count percentage of total count
 G = Total turns spent on level
                    A         B        C        D         E        F      G
               +---------+---------+-------+---------+---------+-------+---------
         Total |       0 |     342 |   0.0 |       0 |      74 |   0.0 |  4914
               +---------+---------+-------+---------+---------+-------+---------
           D:1 |       0 |      35 |   0.0 |       0 |      19 |   0.0 |  1244
           D:2 |       0 |      40 |   0.0 |       0 |      23 |   0.0 |  1239
           D:3 |       0 |      89 |   0.0 |       0 |      27 |   0.0 |  1695
           D:4 |       0 |     178 |   0.0 |       0 |       5 |   0.0 |   625
               +---------+---------+-------+---------+---------+-------+---------
